 Dungeon Crawl Stone Soup version 0.27-a0-604-g29a88b33a7 (webtiles) character file.

Game seed: 8794898113016794692

46442 Azunone the Nimble (level 14, 0/108 HPs)
             Began as a Gnoll Wanderer on Mar 12, 2021.
             Was an Elder of Ru.
             Slain by Agnes
             ... wielding a +3 lajatang of venom
              (34 damage)
             ... on level 15 of the Dungeon.
             The game lasted 01:27:47 (19793 turns).

Azunone the Nimble (Gnoll Wanderer)                Turns: 19793, Time: 01:27:47

Health: 0/108      AC: 16    Str: 25    XL:     14   Next: 37%
Magic:  26/26      EV: 15    Int:  9    God:    Ru [****..]
Gold:   882        SH: 19    Dex: 16    Spells: 26/29 levels left

rFire    . . .     SeeInvis .   M - +7 short sword of Oenomania {vamp, rC++}
rCold    + + .     Faith    .   v - +2 kite shield
rNeg     + . .     Spirit   .   s - +2 swamp dragon scales
rPois    +         Reflect  +   (helmet restricted)
rElec    .         Harm     .   o - +0 cloak
rCorr    .         Rampage  .   e - +0 pair of gloves
Will     +....                  D - +0 pair of boots
Stlth    ..........             p - amulet "Naonon Ezal" {Reflect rN+ SH+5}
HPRegen  0.28/turn              d - +6 ring of strength
MPRegen  0.20/turn              S - +6 ring of strength

@: lethally poisoned (0 -> 0)
A: antennae 1, fangs 2, dopey 1, screaming 1, no stealth, no earth magic, no
translocations magic, no transmutations magic, unskilled 1, sturdy frame 1,
strong nose, distributed training
a: Renounce Religion, Draw Out Power, Power Leap


You were on level 15 of the Dungeon.
You worshipped Ru.
Ru was greatly pleased with you.
You visited 2 branches of the dungeon, and saw 16 of its levels.
You also visited: Sewer and Ossuary.

You collected 1316 gold pieces.
You spent 434 gold pieces at shops.

Inventory:

Hand Weapons
 m - the +10 hunting sling of Optimality {venom, rElec Int+3 SInv}
   (You bought it in a shop on level 5 of the Dungeon)

   It poisons the ammo it fires.
   It affects your intelligence (+3).
   It insulates you from electricity.
   It lets you see invisible.
 y - a +5 trident of freezing
 A - the +3 rapier "Ikuczegh" {antimagic, rN+ Dex-5 SInv}
   (You bought it in a shop on level 5 of the Dungeon)

   It reduces the magical energy of the wielder, and disrupts the spells and
   magical abilities of those hit.
   Natural abilities and divine invocations are not affected.
   It affects your dexterity (-5).
   It protects you from negative energy.
   It lets you see invisible.
 E - a +1 mace of holy wrath
 M - the +7 short sword of Oenomania (weapon) {vamp, rC++}
   (You found it on level 4 of the Dungeon)

   It inflicts no extra harm, but heals its wielder when it wounds a living foe.
   It greatly protects you from cold.
Missiles
 a - 13 curare-tipped darts
 b - 136 arrows
 g - 2 boomerangs
 k - 55 sling bullets
 t - 7 atropa-tipped darts (quivered)
 u - 44 poisoned darts
 C - 2 silver javelins
 Z - 6 boomerangs of dispersal
Armour
 e - a +0 pair of gloves (worn)
 n - a +2 helmet
 o - a +0 cloak (worn)
 s - +2 swamp dragon scales (worn)
 v - a +2 kite shield (worn)
 D - a +0 pair of boots (worn)
Jewellery
 d - a +6 ring of strength (right hand)
 p - the amulet "Naonon Ezal" (around neck) {Reflect rN+ SH+5}
   (You found it on level 8 of the Dungeon)

   [amulet of reflection]

   It shields you and reflects attacks.
   It protects you from negative energy.
   It affects your SH (+5).
 z - a +4 ring of evasion
 K - the ring "Ixirph" {*Corrode Will+ Str+3 Int+2}
   (You found it on level 14 of the Dungeon)

   [ring of willpower]

   It affects your strength (+3).
   It affects your intelligence (+2).
   It affects your willpower, your defense against some magical effects.
   It may corrode you when you take damage.
 P - a ring of willpower
 S - a +6 ring of strength (left hand)
 U - a ring of positive energy
 W - a +4 ring of evasion
Wands
 N - a wand of paralysis (32)
 O - a wand of iceblast (17)
 Y - a wand of flame (18)
Scrolls
 f - a scroll of identify
 h - 2 scrolls of enchant weapon
 i - 8 scrolls of fog
 j - a scroll of silence {unknown}
 q - 10 scrolls of teleportation
 r - a scroll of blinking
 I - 4 scrolls of immolation
 L - a scroll of magic mapping
Potions
 c - 9 potions of lignification
 l - 5 potions of heal wounds
 w - 2 potions of might
 x - 8 potions of ambrosia
 B - 2 potions of cancellation
 F - 2 potions of attraction
 G - 2 potions of resistance
 H - 4 potions of flight
 J - 2 potions of mutation
 Q - a potion of berserk rage
 R - 10 potions of curing
 X - a potion of haste


   Skills:
 + Level 9.4 Fighting
 + Level 8.4 Short Blades
 + Level 8.4 Long Blades
 + Level 8.4 Axes
 + Level 8.4 Maces & Flails
 + Level 8.4 Polearms
 + Level 8.4 Staves
 + Level 8.4 Slings
 + Level 9.4 Bows
 + Level 8.4 Crossbows
 + Level 8.7 Throwing
 + Level 9.4 Armour
 + Level 9.4 Dodging
   Level 0.0 Stealth
 + Level 8.4 Shields
 + Level 8.4 Unarmed Combat
 + Level 8.4 Spellcasting
 + Level 7.0 Conjurations
 + Level 7.0 Hexes
 + Level 7.0 Summonings
 + Level 7.0 Necromancy
   Level 0.0 Translocations
   Level 0.0 Transmutations
 + Level 7.0 Fire Magic
 + Level 7.0 Ice Magic
 + Level 7.0 Air Magic
   Level 0.0 Earth Magic
 + Level 7.0 Poison Magic
 + Level 9.2 Invocations
 + Level 8.7 Evocations


You had 26 spell levels left.
You knew the following spells:

 Your Spells              Type           Power      Damage    Failure   Level
a - Mephitic Cloud        Conj/Pois/Air  16%        N/A       9%          3

Your spell library contained the following spells:

 Spells                   Type           Power      Damage    Failure   Level
 Corona                   Hex            17%        N/A       2%          1
 Magic Dart               Conj           64%        1d6       2%          1
 Ensorcelled Hibernation  Hex/Ice        32%        N/A       4%          2
 Poisonous Vapours        Pois/Air       32%        N/A       4%          2
 Searing Ray              Conj           32%        3d4       4%          2
 Confusing Touch          Hex            16%        N/A       9%          3
 Dazzling Flash           Conj/Hex       32%        N/A       9%          3
 Tukima's Dance           Hex            16%        N/A       9%          3
 Cause Fear               Hex            8%         N/A       26%         4
 Fulminant Prism          Conj/Hex       8%         3d7       26%         4
 Olgreb's Toxic Radiance  Pois           16%        N/A       26%         4
 Silence                  Hex/Air        8%         N/A       58%         5
 Discord                  Hex            8%         N/A       100%        8
 Sting                    Tmut/Pois      Unusable   1d5       N/A         1
 Ignite Poison            Fire/Tmut/Pois Unusable   N/A       N/A         3
 Iskenderun's Mystic Bla  Conj/Tloc      Unusable   2d4       N/A         4
 Yara's Violent Unravell  Hex/Tmut       Unusable   3d4       N/A         5

Dungeon Overview and Level Annotations

Branches:
Dungeon (15/15)            Temple (1/1) D:6            Lair (0/6) D:10
    Orc (0/2) D:9          Vaults (0/5) D:14         Depths (0/5) D:15
  Sewer (visited)         Ossuary (visited)

Altars:
Ashenzari
Cheibriados
Dithmenos
Elyvilon
Fedhas
Gozag
Hepliaklqana
Okawaru
Qazlal
Ru
Sif Muna
Trog
Uskayaw
Vehumet
Xom
Yredelemnul
Zin
The Shining One
Beogh

Shops:
D:5 (

Annotations:
D:8 plate ???
D:15 Agnes


Innate Abilities, Weirdness & Mutations

You have extremely sharp teeth.
You are dopey. (Int -2)
You occasionally shout uncontrollably at your foes.
You cannot be stealthy.
You cannot study or cast Earth magic.
You cannot study or cast Translocations magic.
You cannot study or cast Transmutations magic.
You are somewhat unskilled. (-1 Apt)
Your uncanny sense of smell can sniff out nearby items.
Your experience applies equally to all skills.
You have a pair of small antennae on your head.
Your movements are slightly less encumbered by armour. (ER -2)


Message History

Okay, then.
Throw: 7 boomerangs (disperse)
Press: ? - help, Shift-Dir - straight line, f/p - Agnes
Aim: Agnes, wielding a +3 lajatang of venom and wearing a +0 robe (moderately wounded, 39% to hit)
You throw a boomerang of dispersal.
The boomerang of dispersal closely misses Agnes.
You are too injured to fight recklessly!
You are too injured to fight recklessly!
You are too injured to fight recklessly!
Fire: 57 sling bullets
Press: ? - help, Q - select action, (/) - cycle Shift-Dir - straight line, f/p - Agnes
Aim: Agnes, wielding a +3 lajatang of venom and wearing a +0 robe (moderately wounded, 53% to hit)
You shoot a sling bullet. The sling bullet misses Agnes.
You block Agnes's attack.
The boulder beetle curls into a ball and begins rolling!
Fire: 56 sling bullets
Press: ? - help, Q - select action, (/) - cycle Shift-Dir - straight line, f/p - Agnes
Aim: Agnes, wielding a +3 lajatang of venom and wearing a +0 robe (moderately wounded, 53% to hit)
You shoot a sling bullet. The sling bullet hits Agnes.
Agnes is poisoned.
Agnes is moderately wounded.
You block Agnes's attack.
Agnes drinks a potion.
Agnes is healed!
Agnes looks more healthy.
Okay, then.
The +10 hunting sling of Optimality {venom, rElec Int+3 SInv} stops dripping with poison.
You feel a sense of dread.
M - the +7 short sword of Oenomania (weapon)
{vamp, rC++} You block Agnes's attack.
You are too injured to fight recklessly!
You puncture Agnes!
Agnes is moderately wounded.
Agnes hits you with a +3 lajatang of venom!
You are poisoned.
You focus your inner power and blind Agnes in retribution!
You block the boulder beetle's attack.
The boulder beetle stops rolling and uncurls.
You feel sick.
Agnes is stunned by your conviction and fails to attack.
You feel sick.
Agnes hits you with a +3 lajatang of venom!!
You die...

#∩.)..####.#### #.........#...#
#.............# #.........#...#
#.........#####
#################.........#######
.................................
...............B..)......).......
?....).(.....(.i@................
..?..............................
.......<.........................
#################.........#######
#.........# #.......).#
#.......))# #......)..#
#.....)...#


You could see Agnes (blind) and a boulder beetle.

Vanquished Creatures
  Kirke (D:13)
  An ironheart preserver (D:14)
  Snorg (D:10)
  2 hydras
  2 boulder beetles
  An ogre mage (D:15)
  5 centaur warriors
  2 two-headed ogres
  3 tengu warriors
  A deep troll earth mage (D:14)
  Sonja (D:10)
  Urug (D:13)
  A deep troll (D:14)
  2 unseen horrors (D:14)
  A wolf spider zombie (D:12)
  An orb spider (shapeshifter) (D:14)
  11 ugly things
  A deep elf pyromancer (D:14)
  2 manticores
  3 orc knights
  A cyclops (D:15)
  Maurice (D:13)
  2 gargoyles
  4 centaur skeletons
  A kobold demonologist (D:14)
  A rime drake (shapeshifter) (D:14)
  Maggie (D:8)
  A komodo dragon (D:14)
  2 trolls
  A polar bear (shapeshifter) (D:15)
  A queen bee (D:9)
  Grinder (D:3)
  A hornet (shapeshifter) (D:13)
  7 slime creatures
  2 meliai zombies
  A shadow (D:13)
  2 vampires
  A wraith (D:14)
  A centaur simulacrum (D:15)
  Sigmund (D:6)
  17 yaks
  A steam dragon (D:8)
  6 vampire mosquitoes
  A warg (D:15)
  A soldier ant (D:11)
  Edmund (D:6)
  4 water moccasins
  A hornet zombie (D:5)
  A black bear (D:7)
  12 ice beasts
  A necrophage (D:13)
  4 sky beasts
  21 orc warriors
  6 ogres
  An eye of draining (D:13)
  5 centaurs
  2 phantoms
  3 wolves (D:10)
  A kobold brigand (D:8)
  A wyvern zombie (D:12)
  9 bullfrogs
  A gnoll sergeant (D:9)
  25 killer bees
  25 wights
  3 electric eels (D:10)
  6 howler monkeys
  5 bullfrog zombies
  2 human zombies (Ossuary)
  Crazy Yiuf (D:7)
  2 centaur zombies
  4 jellies
  A wyvern simulacrum (D:14)
  11 hounds
  7 orc priests
  A bullfrog skeleton (D:4)
  5 iguanas
  12 orc wizards
  11 worker ants
  A killer bee zombie (D:6)
  4 mummies (Ossuary)
  A worker ant zombie (D:10)
  3 gnolls (D:9)
  14 adders
  4 river rats (Sewer)
  A shadow imp (D:7)
  4 ufetubi
  An adder zombie (D:9)
  3 worms
  3 dart slugs
  6 leopard geckos
  70 orcs
  8 giant cockroaches
  8 goblins
  5 hobgoblins
  12 jackals
  2 quokkas
  9 ball pythons
  12 bats
  10 frilled lizards
  A gnoll zombie (Ossuary)
  2 hobgoblin zombies (Ossuary)
  11 kobolds
  2 kobold zombies (Ossuary)
  An orc zombie (Ossuary)
  2 quokka skeletons (D:4)
  14 rats
511 creatures vanquished.

Vanquished Creatures (others)
  An ettin (D:14)
  A deep elf knight (D:15)
  2 deep elf pyromancers
  A leopard gecko (D:9)
  An orc (D:11)
6 creatures vanquished.

Grand Total: 517 creatures vanquished

Notes
Turn   | Place    | Note
-------+----------+-------------------------------------------
     0 | D:1      | Azunone the Gnoll Wanderer began the quest for the Orb.
     0 | D:1      | Azunone set off with the following items: a +2 shortbow, 27
                  | arrows, a potion of lignification, a potion of curing, a +0
                  | robe
     0 | D:1      | Reached XP level 1. HP: 20/20 MP: 1/1
     2 | D:1      | Noticed a troll
     2 | D:1      | Noticed a gargoyle
     4 | D:1      | Noticed a merfolk
     6 | D:1      | Noticed a demigod
     8 | D:1      | Noticed a ghoul
     8 | D:1      | Noticed a demonspawn
    10 | D:1      | Noticed a tengu
    10 | D:1      | Noticed a vampire
    12 | D:1      | Noticed a minotaur
    12 | D:1      | Noticed an octopode
    14 | D:1      | Noticed a vine stalker
    14 | D:1      | Noticed a draconian
    16 | D:1      | Noticed a dwarf
    16 | D:1      | Noticed a formicid
    18 | D:1      | Noticed a human
    18 | D:1      | Noticed a felid
    20 | D:1      | Noticed a centaur
    22 | D:1      | Noticed an elf
    22 | D:1      | Noticed a naga
    24 | D:1      | Noticed a spriggan
    26 | D:1      | Noticed a halfling
    26 | D:1      | Noticed an ogre
   294 | D:1      | Reached XP level 2. HP: 26/26 MP: 2/2
   520 | D:1      | Found a glowing golden altar of the Shining One.
   883 | D:1      | Reached XP level 3. HP: 31/31 MP: 3/3
  1299 | D:2      | Reached skill level 1 in Invocations
  1316 | D:2      | Reached skill level 1 in Short Blades
  1316 | D:2      | Reached skill level 1 in Long Blades
  1316 | D:2      | Reached skill level 1 in Axes
  1316 | D:2      | Reached skill level 1 in Maces & Flails
  1316 | D:2      | Reached skill level 1 in Polearms
  1316 | D:2      | Reached skill level 1 in Staves
  1316 | D:2      | Reached skill level 1 in Slings
  1316 | D:2      | Reached skill level 1 in Crossbows
  1316 | D:2      | Reached skill level 1 in Stealth
  1316 | D:2      | Reached skill level 1 in Shields
  1316 | D:2      | Reached skill level 1 in Unarmed Combat
  1316 | D:2      | Reached skill level 1 in Spellcasting
  1528 | D:2      | Reached XP level 4. HP: 38/38 MP: 5/5
  1981 | D:3      | Reached skill level 1 in Conjurations
  1981 | D:3      | Reached skill level 1 in Hexes
  1981 | D:3      | Reached skill level 1 in Summonings
  1981 | D:3      | Reached skill level 1 in Necromancy
  1981 | D:3      | Reached skill level 1 in Translocations
  1981 | D:3      | Reached skill level 1 in Transmutations
  1981 | D:3      | Reached skill level 1 in Fire Magic
  1981 | D:3      | Reached skill level 1 in Ice Magic
  1981 | D:3      | Reached skill level 1 in Air Magic
  1981 | D:3      | Reached skill level 1 in Earth Magic
  1981 | D:3      | Reached skill level 1 in Poison Magic
  2028 | D:3      | Reached XP level 5. HP: 26/43 MP: 6/6
  2571 | D:3      | Noticed Grinder
  2601 | D:3      | Paralysed by Grinder for 2 turns
  2610 | D:3      | Paralysed by Grinder for 4 turns
  2615 | D:3      | Killed Grinder
  2616 | D:3      | Reached skill level 5 in Fighting
  2616 | D:3      | Reached skill level 5 in Bows
  2616 | D:3      | Reached skill level 5 in Armour
  2616 | D:3      | Reached skill level 5 in Dodging
  2616 | D:3      | Reached XP level 6. HP: 17/51 MP: 7/9
  3771 | D:4      | Reached XP level 7. HP: 56/56 MP: 10/10
  3930 | D:4      | Found a bloodstained altar of Trog.
  3945 | D:4      | Found a sand-covered staircase.
  3954 | Ossuary  | Entered an ossuary
  4550 | D:4      | Identified the +7 short sword of Oenomania {vamp, rC++}
  5037 | D:5      | Entered Level 5 of the Dungeon
  5065 | D:5      | Reached XP level 8. HP: 23/63 MP: 12/12
  5576 | D:5      | Found Bomeph's Antique Weapon Shop.
  5586 | D:5      | Found a glowing drain.
  5595 | Sewer    | Entered a sewer
  6480 | D:6      | Reached XP level 9. HP: 69/69 MP: 14/14
  6895 | D:6      | Noticed Sigmund
  6895 | D:6      | Noticed Edmund
  7091 | D:6      | Found a staircase to the Ecumenical Temple.
  7097 | Temple   | Entered the Ecumenical Temple
  7276 | Temple   | Became a worshipper of Ru the Awakened
  7367 | D:6      | Killed Edmund
  7417 | D:6      | Killed Sigmund
  7637 | D:7      | Reached skill level 5 in Throwing
  7637 | D:7      | Reached skill level 5 in Evocations
  7831 | D:5      | Bought an ivory rapier for 252 gold pieces
  7831 | D:5      | Identified the +3 rapier "Ikuczegh" {antimagic, rN+ Dex-5
                  | SInv} (You bought it in a shop on level 5 of the Dungeon)
  7945 | D:7      | Found a shimmering altar of Xom.
  8054 | D:7      | Found a runed translucent door.
  8055 | D:7      | Noticed Crazy Yiuf
  8064 | D:7      | Killed Crazy Yiuf
  8268 | D:7      | Found a broken altar of Ashenzari.
  8675 | D:7      | Gained mutation: You cannot study or cast Earth magic. [Ru
                  | sacrifice]
  8675 | D:7      | Gained mutation: You cannot study or cast Transmutations
                  | magic. [Ru sacrifice]
  8675 | D:7      | Gained mutation: You cannot study or cast Translocations
                  | magic. [Ru sacrifice]
  8675 | D:7      | Reached * piety under Ru
  8835 | D:8      | Noticed a two-headed ogre
  8842 | D:8      | Killed a two-headed ogre
  8843 | D:8      | Reached skill level 5 in Invocations
  8843 | D:8      | Reached XP level 10. HP: 77/77 MP: 15/17
  8870 | D:8      | Identified the amulet "Naonon Ezal" {Reflect rN+ SH+5}
  8917 | D:8      | Noticed Maggie
  8956 | D:8      | Killed Maggie
  8957 | D:8      | Reached skill level 5 in Short Blades
  8957 | D:8      | Reached skill level 5 in Long Blades
  8957 | D:8      | Reached skill level 5 in Axes
  8957 | D:8      | Reached skill level 5 in Maces & Flails
  8957 | D:8      | Reached skill level 5 in Polearms
  8957 | D:8      | Reached skill level 5 in Staves
  8957 | D:8      | Reached skill level 5 in Slings
  8957 | D:8      | Reached skill level 5 in Crossbows
  8957 | D:8      | Reached skill level 5 in Stealth
  8957 | D:8      | Reached skill level 5 in Shields
  8957 | D:8      | Reached skill level 5 in Unarmed Combat
  8957 | D:8      | Reached skill level 5 in Spellcasting
  9159 | D:8      | Found a glowing golden altar of the Shining One.
  9330 | D:8      | Learned a level 3 spell: Mephitic Cloud
  9747 | D:9      | Noticed a six-headed hydra
  9909 | D:9      | Found a staircase to the Orcish Mines.
 10082 | D:9      | Killed a six-headed hydra
 10357 | D:9      | Reached XP level 11. HP: 84/84 MP: 19/19
 10634 | D:9      | Found a radiant altar of Vehumet.
 10689 | D:9      | Gained mutation: You are dopey. (Int -2) [Ru sacrifice]
 10800 | D:10     | Entered Level 10 of the Dungeon
 10825 | D:10     | Noticed Snorg
 10832 | D:10     | Found a staircase to the Lair.
 11032 | D:10     | Reached skill level 5 in Conjurations
 11032 | D:10     | Reached skill level 5 in Hexes
 11032 | D:10     | Reached skill level 5 in Summonings
 11032 | D:10     | Reached skill level 5 in Necromancy
 11032 | D:10     | Reached skill level 5 in Fire Magic
 11032 | D:10     | Reached skill level 5 in Ice Magic
 11032 | D:10     | Reached skill level 5 in Air Magic
 11032 | D:10     | Reached skill level 5 in Poison Magic
 11184 | D:10     | Noticed an orc knight
 11185 | D:10     | Noticed Sonja
 11205 | D:10     | Killed an orc knight
 11205 | D:10     | Killed Sonja
 12027 | D:10     | Gained mutation: You have a pair of small antennae on your
                  | head. [potion of mutation]
 12027 | D:10     | Gained mutation: You have extremely sharp teeth. [potion of
                  | mutation]
 12027 | D:10     | Gained mutation: Your movements are slightly less
                  | encumbered by armour. (ER -2) [potion of mutation]
 12154 | D:10     | Killed Snorg
 12242 | D:5      | Bought a scorched hunting sling for 182 gold pieces
 12242 | D:5      | Identified the +10 hunting sling of Optimality {venom,
                  | rElec Int+3 SInv} (You bought it in a shop on level 5 of
                  | the Dungeon)
 12343 | D:11     | Found a runed translucent door.
 12866 | D:11     | Gained mutation: You cannot be stealthy. [Ru sacrifice]
 12866 | D:11     | Reached ** piety under Ru
 13686 | D:11     | Noticed an orc knight
 13699 | D:11     | Killed an orc knight
 13809 | D:12     | Noticed a deep elf pyromancer
 13904 | D:12     | Found a shadowy altar of Dithmenos.
 13979 | D:12     | Reached XP level 12. HP: 47/94 MP: 22/22
 14299 | D:12     | Noticed a two-headed ogre
 14313 | D:12     | Killed a two-headed ogre
 14558 | D:12     | Noticed a boulder beetle
 14596 | D:12     | Killed a boulder beetle
 15138 | D:13     | Noticed a centaur warrior
 15143 | D:13     | Killed a centaur warrior
 15401 | D:13     | Noticed Maurice
 15430 | D:13     | Killed Maurice
 15511 | D:13     | Gained mutation: You occasionally shout uncontrollably at
                  | your foes. [Ru sacrifice]
 15936 | D:13     | Noticed a boulder beetle
 15952 | D:13     | Killed a boulder beetle
 16183 | D:13     | Noticed Urug
 16198 | D:13     | Killed Urug
 16376 | D:13     | Noticed Kirke
 16395 | D:13     | Killed Kirke
 16396 | D:13     | Reached XP level 13. HP: 92/101 MP: 2/24
 16829 | D:14     | Identified the ring "Ixirph" {*Corrode Will+ Str+3 Int+2}
 17033 | D:14     | Found a gate to the Vaults.
 17033 | D:14     | Noticed an ironheart preserver
 17057 | D:14     | Killed an ironheart preserver
 17964 | D:14     | Reached XP level 14. HP: 102/109 MP: 26/26
 18030 | D:14     | Gained mutation: You are somewhat unskilled. (-1 Apt) [Ru
                  | sacrifice]
 18030 | D:14     | Reached *** piety under Ru
 18030 | D:14     | Reached **** piety under Ru
 18473 | D:15     | Entered Level 15 of the Dungeon
 18635 | D:15     | Found a staircase to the Depths.
 19764 | D:15     | Noticed Agnes
 19793 | D:15     | Slain by Agnes

Illustrated notes

Levels and vault maps discovered:
D:1:      kb_arrival_jail, layout_basic, chequers_serial_rivers_micro_e,
          tso_metal_star
D:2:      layout_basic, minmay_distorted
D:3:      minmay_recursive_quarters, layout_rooms, minmay_misc_feat_five,
          uniq_grinder
D:4:      layout_basic, nicolae_overflow_hidden_temple, enter_ossuary_1
D:5:      layout_cave_pools, serial_shops, nicolae_shop_stone,
          portal_sewer_entry_a
D:6:      layout_gridville, minmay_temple_entry_enclosed_plants, uniq_sigmund,
          uniq_edmund
D:7:      layout_loops_corners, lemuel_crystal_altar, basic_altar,
          uniq_crazy_yiuf_cottage
D:8:      layout_cave_pools, lemuel_round_altar, item_on_display_b, uniq_maggie
D:9:      layout_loops_ring, vehumet_crystals, orc_0_dummy, special_room
          [special_room_bee], chequers_serial_rivers_marsh
D:10:     layout_loops_ring, erik_lair_island, minmay_radiant, uniq_snorg,
          uniq_sonja
D:11:     layout_grid_maze, lightli_church_of_beogh
D:12:     layout_rooms, basic_altar
D:13:     layout_basic, uniq_urug, uniq_maurice, uniq_kirke
D:14:     layout_roguey, skrybe_vaults_entry_preservation,
          minmay_misc_feat_square, special_room [special_room_orc],
          portal_ice_cave_entry_ice_beasts, kennysheep_four_rooms
D:15:     hangedman_depths_entry_civil_slaughter, layout_cross,
          gauntlet_entry_generic, uniq_agnes
Temple:   hc_temple_tempest_star

Skill      XL: |  1  2  3  4  5  6  7  8  9 10 11 12 13 14 |
---------------+-------------------------------------------+-----
Invocations    | 1 2 3 4 5 6 7 8 9 9 |  9.2
Short Blades   | 1 2 3 4 5 6 7 8 |  8.4
Long Blades    | 1 2 3 4 5 6 7 8 |  8.4
Axes           | 1 2 3 4 5 6 7 8 |  8.4
Maces & Flails | 1 2 3 4 5 6 7 8 |  8.4
Polearms       | 1 2 3 4 5 6 7 8 |  8.4
Staves         | 1 2 3 4 5 6 7 8 |  8.4
Slings         | 1 2 3 4 5 6 7 8 |  8.4
Crossbows      | 1 2 3 4 5 6 7 8 |  8.4
Stealth        | 1 2 3 4 5 0 |  0.0
Shields        | 1 2 3 4 5 6 7 8 |  8.4
Unarmed Combat | 1 2 3 4 5 6 7 8 |  8.4
Spellcasting   | 1 2 3 4 5 6 7 8 |  8.4
Conjurations   | 1 2 3 4 5 6 7 7 |  7.0
Hexes          | 1 2 3 4 5 6 7 7 |  7.0
Summonings     | 1 2 3 4 5 6 7 7 |  7.0
Necromancy     | 1 2 3 4 5 6 7 7 |  7.0
Translocations | 1 2 3 0 |  0.0
Transmutations | 1 2 3 0 |  0.0
Fire Magic     | 1 2 3 4 5 6 7 7 |  7.0
Ice Magic      | 1 2 3 4 5 6 7 7 |  7.0
Air Magic      | 1 2 3 4 5 6 7 7 |  7.0
Earth Magic    | 1 2 3 0 |  0.0
Poison Magic   | 1 2 3 4 5 6 7 7 |  7.0
Throwing       | 3 4 5 6 7 8 9 8 |  8.7
Evocations     | 3 4 5 6 7 8 9 8 |  8.7
Fighting       | 5 6 7 8 9 |  9.4
Bows           | 5 6 7 8 9 |  9.4
Armour         | 5 6 7 8 9 |  9.4
Dodging        | 5 6 7 8 9 |  9.4

Action                   |  1- 3 |  4- 6 |  7- 9 | 10-12 | 13-15 || total
-------------------------+-------+-------+-------+-------+-------++-------
Melee: Whip              |       |   160 |       |       |       ||   160
       Bite              |       |    12 |    24 |    87 |    84 ||   207
       Short sword       |       |       |   209 |   542 |   479 ||  1230
       Punch             |       |       |     3 |     9 |       ||    12
       Rapier            |       |       |       |    87 |       ||    87
       Mace              |       |       |       |    28 |       ||    28
 Fire: Shortbow          |    70 |    88 |   159 |    56 |       ||   373
       Hunting sling     |       |       |    28 |   195 |   213 ||   436
Throw: Dart              |       |     5 |    14 |    16 |     3 ||    38
       Boomerang         |       |       |       |       |     3 ||     3
 Cast: Mephitic Cloud    |       |       |       |     1 |       ||     1
Invok: Sacrifice Arcana  |       |       |     1 |       |       ||     1
       Sacrifice Purity  |       |       |       |     2 |       ||     2
       Sacrifice Stealth |       |       |       |     1 |       ||     1
       Sacrifice Skill   |       |       |       |       |     1 ||     1
Evoke: Wand              |       |       |       |     8 |     2 ||    10
  Use: Potion            |       |     2 |       |     2 |     3 ||     7
       Scroll            |       |       |    10 |    13 |     8 ||    31
 Stab: Distracted        |       |     1 |       |     1 |     1 ||     3
       Sleeping          |       |     1 |     5 |     4 |       ||    10
       Invisible         |       |       |       |     1 |       ||     1
Armor: Robe              |    10 |    49 |     8 |       |       ||    67
       Ring mail         |       |       |    76 |     8 |       ||    84
       Swamp dragon scal |       |       |       |   192 |   142 ||   334
Dodge: Dodged            |    29 |    84 |   207 |   319 |   219 ||   858
Block: Other             |       |    14 |    64 |    50 |       ||   128
       Reflection        |       |       |     1 |    11 |    18 ||    30
       Kite shield       |       |       |       |   428 |   524 ||   952

Table legend: (Time is in decaauts)
 A = Elapsed time spent in this place.
 B = Non-inter-level travel time spent in this place.
 C = Inter-level travel time spent in this place.
 D = Time resting spent in this place.
 E = Time spent auto-exploring this place.
 F = Levels seen in this place.
 G = Mean time per level.
                   A        B        C        D        E       F      G
               +--------+--------+--------+--------+--------+-----+--------+
         Total |  19706 |  18268 |   1438 |    482 |  13553 |  18 | 1094.8 |
       Dungeon |  18758 |  17320 |   1438 |    482 |  12848 |  15 | 1250.5 |
        Temple |    200 |    200 |      0 |      0 |    191 |   1 |  200.0 |
         Sewer |    363 |    363 |      0 |      0 |    224 |   1 |  363.0 |
       Ossuary |    384 |    384 |      0 |      0 |    290 |   1 |  384.0 |
               +--------+--------+--------+--------+--------+-----+--------+

Top non-repeatable levels by time:
    D:14: 2129 daAuts
    D:13: 1924 daAuts
    D:11: 1552 daAuts
     D:3: 1526 daAuts
    D:10: 1389 daAuts
     D:1: 1171 daAuts
     D:9: 1162 daAuts
     D:7: 1146 daAuts
     D:6: 1084 daAuts
     D:5: 1081 daAuts
    D:12: 1032 daAuts
     D:4: 1027 daAuts
     D:2: 953 daAuts
     D:8: 842 daAuts
    D:15: 734 daAuts
